AoeStats
← LavMani

Arena

505105442Analyzed
4v4 RM · 23d ago on Sep 7, 2026· 64m 21s· 8 players
Game mode
Random Map
Map size
Large (8 player)
Population
200
Speed
Normal
Resources
Standard
Victory
Conquest
Starting age
Dark Age
Ending age
Imperial Age
RankedLock teamsTeams togetherTeam positionsShared explorationLock speedFull tech treeHidden civsTurbo modeCheats
Victory
Defeat
🇵🇪 Saracens · Peru
1114
+13
🇹🇷 Khmer · Türkiye
1070
+15
🇨🇱 Wu · Chile
1036
+16
🇨🇱 Koreans · Chile
1010
+17
🇨🇴 Huns · Colombia
1077
-16
🇪🇸 Franks · Spain
1049
-16
🇺🇦 Spanish · Ukraine
1044
-15
🇺🇸 Celts · United States
1016
-14
Dobytravieso
9:54 Feudal Age
10:35 Double-Bit Axe
15:07 Castle Age
20:09 Forging
20:43 Scale Barding Armor
24:03 Wheelbarrow
23:15 Town Watch
23:46 Husbandry
26:57 Hand Cart
31:52 Imperial Age
29:52 Fervor
32:31 Ballistics
32:06 Cavalier
32:46 Loom
33:24 Chain Barding Armor
33:39 Iron Casting
34:11 Chemistry
33:14 Stone Mining
33:19 Gold Mining
33:33 Paladin
35:28 Plate Barding Armor
40:01 Blast Furnace
42:05 Conscription
45:09 Gold Shaft Mining
51:41 Murder Holes
hmora
10:39 Feudal Age
15:27 Castle Age
16:34 Double-Bit Axe
20:32 Horse Collar
26:17 Wheelbarrow
28:40 Scale Barding Armor
29:51 Hand Cart
29:58 Loom
34:14 Imperial Age
33:30 Chain Barding Armor
33:56 Marauders
34:16 Forging
34:25 Heavy Plow
34:41 Bow Saw
35:22 Conscription
42:55 Bloodlines
42:45 Husbandry
45:37 Light Cavalry
46:54 Plate Barding Armor
46:54 Iron Casting
46:27 Hussar
47:38 Parthian Tactics
47:06 Fletching
47:16 Padded Archer Armor
47:31 Heavy Cavalry Archer
54:50 Bodkin Arrow
55:12 Leather Archer Armor
KabaH4iK
10:47 Feudal Age
14:44 Castle Age
13:30 Double-Bit Axe
13:28 Horse Collar
14:19 Stone Mining
16:24 Bow Saw
17:03 Loom
17:50 Heavy Plow
19:51 Gold Mining
22:57 Forging
22:38 Fletching
27:03 Stone Shaft Mining
28:36 Wheelbarrow
31:49 Iron Casting
31:20 Scale Barding Armor
32:13 Bloodlines
32:03 Husbandry
32:23 Husbandry
34:09 Chain Barding Armor
38:10 Imperial Age
36:26 Hand Cart
38:22 Cavalier
40:07 Blast Furnace
39:44 Plate Barding Armor
39:47 Conscription
39:43 Paladin
44:35 Caravan
44:39 Capped Ram
48:03 Siege Ram
50:15 Onager
51:33 Squires
50:53 Pikeman
51:19 Arson
Chetxibit9556
8:17 Loom
11:23 Feudal Age
15:16 Castle Age
14:03 Double-Bit Axe
21:29 Wheelbarrow
25:09 Hand Cart
26:22 Gold Mining
26:59 Bow Saw
37:49 Imperial Age
38:45 Ballistics
39:39 Chemistry
38:49 Siege Engineers
39:01 Onager
40:06 Heavy Scorpion
41:07 Capped Ram
43:38 Siege Ram
44:52 Furor Celtica
63:08 Guilds
LavMani
10:23 Feudal Age
15:25 Castle Age
14:07 Double-Bit Axe
14:24 Horse Collar
16:54 Stone Mining
21:52 Fletching
22:11 Loom
22:27 Gold Mining
28:09 Wheelbarrow
28:59 Forging
28:56 Squires
30:02 Heavy Plow
31:14 Gold Shaft Mining
35:24 Imperial Age
34:28 Bow Saw
35:52 Iron Casting
35:19 Scale Mail Armor
35:42 Eupseong
36:08 Ballistics
36:32 Conscription
36:40 Bodkin Arrow
37:57 Chemistry
36:43 Arrowslits
37:00 Elite Fire Lancer
38:00 Pikeman
39:08 Murder Holes
39:29 Halberdier
42:22 Hand Cart
43:58 Chain Mail Armor
47:35 Two-Man Saw
47:36 Stone Shaft Mining
52:01 Town Watch
60:16 Bracer
60:26 Siege Engineers
62:27 Plate Mail Armor
61:46 Gambesons
61:47 Arson
Mine Grote
13:24 Feudal Age
14:44 Double-Bit Axe
14:50 Horse Collar
17:22 Castle Age
16:20 Stone Mining
17:52 Wheelbarrow
25:14 Forging
26:08 Bow Saw
28:05 Iron Casting
28:21 Scale Barding Armor
28:53 Husbandry
29:09 Heavy Plow
29:38 Gold Mining
33:48 Imperial Age
31:35 Hand Cart
32:01 Bloodlines
34:30 Chain Barding Armor
33:51 Elite Mameluke
34:45 Fletching
35:59 Blast Furnace
37:05 Plate Barding Armor
37:52 Heavy Camel Rider
39:19 Gold Shaft Mining
39:11 Treadmill Crane
40:49 Chemistry
42:42 Fortified Wall
46:00 Light Cavalry
47:07 Hussar
49:20 Conscription
49:11 Counterweights
51:51 Capped Ram
63:49 Fletching
63:59 Padded Archer Armor
64:20 Ballistics
63:34 Elite Skirmisher
LCsLA Skoll
9:36 Feudal Age
15:05 Castle Age
13:13 Double-Bit Axe
14:57 Gold Mining
15:24 Fletching
19:37 Bodkin Arrow
23:13 Ballistics
22:56 Padded Archer Armor
26:06 Leather Archer Armor
33:11 Imperial Age
31:21 Red Cliffs Tactics
32:57 Gold Shaft Mining
32:34 Bow Saw
32:08 Horse Collar
34:38 Bracer
35:41 Chemistry
35:54 Conscription
38:20 Elite Fire Archer
39:33 Pikeman
40:15 Squires
40:19 Scale Mail Armor
40:30 Forging
40:41 Halberdier
41:39 Chain Mail Armor
44:54 Plate Mail Armor
45:01 Iron Casting
56:05 Town Watch
56:56 Wheelbarrow
63:15 Town Patrol
63:31 Hand Cart
63:04 Loom
Eskiçeri
11:52 Feudal Age
14:39 Castle Age
12:38 Double-Bit Axe
17:51 Wheelbarrow
17:01 Horse Collar
17:36 Gold Mining
19:26 Bow Saw
19:57 Husbandry
22:53 Bloodlines
24:33 Light Cavalry
27:24 Hand Cart
27:31 Scale Barding Armor
33:56 Imperial Age
32:49 Tusk Swords
33:59 Chain Barding Armor
33:50 Forging
34:19 Caravan
34:11 Elite Battle Elephant
34:14 Elite Ballista Elephant
36:37 Conscription
37:52 Plate Barding Armor
37:53 Iron Casting
39:46 Heavy Plow
40:24 Gold Shaft Mining
39:40 Stone Mining
41:26 Double Crossbow
42:02 Hoardings
44:51 Town Watch
50:08 Stone Shaft Mining
50:32 Capped Ram
51:30 Siege Ram
55:21 Hussar
Connection lost

Rejoining the realm…

Still unreachable

The connection could not be restored.

Session expired

The server has moved on; the page needs a fresh start.